[Event "*** Titled Tuesday Blitz"]
[Site "Chess.com"]
[Date "2019.10.01"]
[Round "5"]
[White "gena217"]
[Black "Olga_Girya"]
[Result "0-1"]
[WhiteElo "2871"]
[BlackElo "2492"]
[TimeControl "180+2"]
[EndTime "14:13:04 PDT"]
[Termination "Olga_Girya won by resignation"]

1. e4 c6 2. d4 d5 3. Nc3 dxe4 4.
Nxe4 Bf5 5. Ng3 Bg6 6. h4 h6 7.
Nf3 e6 8. h5 Bh7 9. Bd3 Bxd3 10. Qxd3 Nf6 11. Bd2 Qb6 12. O-O-O Qa6 13. Qb3 c5 14.
Rhe1 c4 15. Qe3 Qxa2 16. Bc3 Nd5 17. Qe4 Be7 18. Nf5 exf5 19. Qxd5 Nc6 20. Qxf5 O-O 21. d5 Rad8 22. Qg4 Bg5+ 23. Nxg5 Qa1+ 24. Kd2 Rxd5+ 25. Ke2 Rxg5 26. Qxg5 Qxd1+ 27. Rxd1 hxg5 28. Rd7 Re8+ 29. Kf3 Re7 30. Rd5 f6 31. Rc5 Kf7 32. Rxc4 Rd7 33. Re4 Rd1 34. g4 Rh1 35. Kg2 Rd1 36.
Re2 Ne7 37. Rd2 Rxd2 38. Bxd2 g6 39. h6 Kg8 40. Kf3 Kh7 41. Bc3 Nd5 42. Bd4 f5 43.
Bxa7 Kxh6 44. Bd4 Kh7 45. c3 Kg8 46. Ke2 Kf7 47. Kd3 fxg4 48. c4 Nf4+ 49. Ke4 Ke6 50. b4 Ne2 51. Be3 g3 52. fxg3 Nxg3+ 53. Kf3 Nf5 54.
Bxg5 Nd6 55. c5 Nf7 56. Bd2 Kd5 57. Be1 Ne5+ 58. Kf4 Nd3+ 59. Kg5 Nxe1 60. b5 Kxc5 0-1

[Event "*** Titled Tuesday Blitz"]
[Site "Chess.com"]
[Date "2019.10.01"]
[Round "5"]
[White "GHANDEEVAM2003"]
[Black "csati17"]
[Result "1-0"]
[WhiteElo "2972"]
[BlackElo "2482"]
[TimeControl "180+2"]
[EndTime "14:13:05 PDT"]
[Termination "GHANDEEVAM2003 won by resignation"]

1. d4 Nf6 2. Bg5 e6 3. e4 h6 4.
Bxf6 Qxf6 5. Nf3 d6 6. Nc3 g6 7. e5 Qe7 8. Bd3 Bg7 9. h4 Nc6 10. Qe2 d5 11. g4 Nb4 12. Bb5+ c6 13. Ba4 b5 14. a3 bxa4 15. axb4 Qxb4 16. O-O a5 17.
Rfb1 Ba6 18. Qe3 c5 19. Rxa4 cxd4 20. Nxd4 Qe7 21. Rxa5 Qxh4 22. Qf4 O-O 23. Nf3 Qe7 24. Rba1 Bb7 25. Ra7 Rxa7 26. Rxa7 Ra8 27. Rxa8+ Bxa8 28. Qa4 Bb7 29. Qa7 Bf8 30. Nb5 Qb4 31. Nfd4 Qe1+ 32.
Kg2 Qe4+ 33. f3 Qxe5 34. Qxb7 h5 35. Qc7 Qg5 36. Qg3 e5 37. Nc6 e4 38. gxh5 exf3+ 39. Kxf3 Qf6+ 40. Qf4 Qxc6 41. Nd4 Qa6 42. hxg6 Qxg6 43.
c3 Qd3+ 44. Qe3 Qg6 45. b4 Bd6 46. b5 Qg3+ 47. Ke2 Qg2+ 48. Kd1 Qf1+ 49. Kc2 Qg2+ 50. Kb3 Qg6 51. Qe8+ Kg7 52. Qe1 Bc5 53. Qe5+ Kh7 54. Qxd5 Qb1+ 55. Kc4 Bxd4 56. Qxd4 Qa2+ 57. Kc5 Qa7+ 58.
b6 Qe7+ 59. Kb5 Qe8+ 60. Kb4 Qc6 61. c4 Kg6 62. c5 f6 63. Qd6 Qe4+ 64. Kb5 Qb1+ 65.
Kc6 Qe4+ 66. Kc7 Kg5 1-0

[Event "*** Titled Tuesday Blitz"]
[Site "Chess.com"]
[Date "2019.10.01"]
[Round "5"]
[White "vovachesss"]
[Black "Bad4life"]
[Result "0-1"]
[WhiteElo "2524"]
[BlackElo "2368"]
[TimeControl "180+2"]
[EndTime "14:13:06 PDT"]
[Termination "Bad4life won by checkmate"]

1. e4 c5 2. d4 cxd4 3. c3 Nf6 4. e5 Nd5 5. Nf3 d6 6. Bc4 dxe5 7.
Nxe5 e6 8. O-O Be7 9. Qxd4 O-O 10. Rd1 Bf6 11. Qe4 Nc6 12. Nxc6 bxc6 13. Bd3 g6 14. c4 Nb4 15. Be2 Qe7 16. Nc3 Bb7 17. a3 c5 18. Qg4 Nc2 19. Rb1 h5 20. Qg3 Rfd8 21. Bf4 e5 22. Be3 Nd4 23. Bxh5 Bh4 24. Qg4 Bc8 25. Qe4 Bf5 26. Nd5 Bxe4 27. Nxe7+ Bxe7 28. Bf3 Bxf3 29. gxf3 Nxf3+ 30. Kg2 Nd4 31. b4 f5 32. b5 Kf7 33. a4 f4 34. Bxd4 exd4 35. Kf3 g5 36. Rd3 Rh8 37. a5 Bd8 38. b6 axb6 39.
axb6 Rb8 40. b7 Be7 41. Ke4 Rxh2 42. Ra3 Rxf2 43. Ra8 Bd6 44. Kd5 Bc7 45. Kc6 Be5 46.
Kxc5 d3 47. Kd5 Re2 48. c5 d2 49. c6 Bc7 50. Rd1 f3 51. Kc5 f2 52. Rxb8 Bxb8 53. Kb6 Re1 54. c7 f1=Q 55. cxb8=Q Re6+ 56. Kc5 Qf5+ 57. Kc4 Qc2+ 58. Kd4 Re4+ 59. Kd5 Qc4+ 60. Kd6 Re6+ 61.
Kd7 Qc6+ 62. Kd8 Re8# 0-1

[Event "*** Titled Tuesday Blitz"]
[Site "Chess.com"]
[Date "2019.10.01"]
[Round "5"]
[White "MikeSailer"]
[Black "Colombiano07"]
[Result "0-1"]
[WhiteElo "2078"]
[BlackElo "2202"]
[TimeControl "180+2"]
[EndTime "14:13:07 PDT"]
[Termination "Colombiano07 won by resignation"]

1. b4 e5 2. Bb2 Bxb4 3. Bxe5 Nf6 4. Nf3 O-O 5. e3 Nc6 6. Bb2 d5 7. Be2 Re8 8. O-O Bg4 9. c4 dxc4 10. Bxc4 Qd6 11.
Be2 Rad8 12. d4 Ne4 13. a3 Ba5 14. Qa4 a6 15. Rc1 b5 16. Qc2 Re6 17. Nc3 Nxc3 18. Bxc3 Bb6 19. a4 Rh6 20. g3 Qd5 21. axb5 axb5 22.
Ne1 Bxe2 23. Qxe2 b4 24. Bb2 Re6 25. Qc4 Qh5 26. Ng2 Qf3 27. Nh4 Qe4 28. Qc2 Qd5 29. Qc4 Qe4 30. Qc2 Qd5 31. Qc4 Qh5 32. d5 Qxd5 33.
Qxd5 Rxd5 34. Ra8+ Rd8 35. Rxd8+ Nxd8 36. Nf5 f6 37. h4 Kf7 38. g4 Rc6 39. Rd1 Ne6 40.
Rd7+ Ke8 41. Re7+ Kf8 42. Rd7 Rc2 43. Bd4 Bxd4 44. exd4 b3 45. d5 b2 46. dxe6 b1=Q+ 47. Kg2 Re2 48. Rf7+ Ke8 49. Nxg7+ Kd8 50. e7+ Rxe7 51.
Rxe7 Kxe7 52. Nf5+ Kd7 53. g5 Qxf5 0-1

[Event "*** Titled Tuesday Blitz"]
[Site "Chess.com"]
[Date "2019.10.01"]
[Round "5"]
[White "Grieve72"]
[Black "ENEASZ"]
[Result "1-0"]
[WhiteElo "2339"]
[BlackElo "2511"]
[TimeControl "180+2"]
[EndTime "14:13:11 PDT"]
[Termination "Grieve72 won by resignation"]

1. e4 d6 2. d4 Nf6 3. Nc3 e5 4. Nge2 Be7 5. g3 O-O 6. Bg2 c6 7. a4 Na6 8. O-O Nb4 9. h3 Re8 10. Be3 a5 11. g4 exd4 12. Bxd4 d5 13. e5 Nd7 14. f4 Bf8 15. Bf2 f6 16. exf6 Nxf6 17.
Nd4 Ne4 18. Nxe4 dxe4 19. Re1 Qf6 20. Bxe4 Qxf4 21. Bxh7+ Kxh7 22. Rxe8 Bd6 23. Qf3 Qxf3 24. Nxf3 Nxc2 25. Rd1 Bc7 26. Ng5+ Kg6 27. Ne6 Bxe6 28. Rxa8 Nb4 29. Ra7 Bc8 30. Ra8 Be6 31. Re8 Kf7 32.
Rh8 Nd5 33. Rh5 Nf4 34. Rh8 Be5 35. Be3 Nd5 36. Bd4 Bf4 37. Rf1 Kg6 38. Rh5 Bc7 39. h4 Nf4 40. Rg5+ Kh6 41. Rxg7 Ne2+ 42. Kf2 Nxd4 43.
Rxc7 Bxg4 44. Rxb7 Be6 45. Rg1 Bd5 46. Rd7 Nf5 47.
Rxd5 cxd5 48. Rg5 Nxh4 49. Rxd5 Kg6 50. Rxa5 Kf6 51. Kg3 Ng6 52. Ra6+ Kf5 53. Rxg6 Kxg6 54. Kf4 1-0

[Event "*** Titled Tuesday Blitz"]
[Site "Chess.com"]
[Date "2019.10.01"]
[Round "5"]
[White "GelmanAlexander"]
[Black "ahkashefi2800"]
[Result "1-0"]
[WhiteElo "2506"]
[BlackElo "2183"]
[TimeControl "180+2"]
[EndTime "14:13:14 PDT"]
[Termination "GelmanAlexander won by checkmate"]

1. e4 c6 2. Ne2 d5 3. e5 Bf5 4.
Ng3 Bg6 5. h4 h5 6. e6 fxe6 7.
d4 e5 8. dxe5 e6 9. Nd2 Nd7 10.
Nf3 Bc5 11. Bd3 Bxd3 12. Qxd3 Ne7 13. O-O Qc7 14. Bd2 O-O-O 15. b4 Bb6 16. Rfe1 g6 17. a4 a6 18. b5 Nf5 19. Nxf5 gxf5 20. bxa6 Nc5 21.
axb7+ Qxb7 22. Qa3 Rhg8 23. a5 Ba7 24. Bg5 Ne4 25. Re2 Qb5 26. c4 Qxc4 27. Raa2 Nxg5 28.
hxg5 Qa6 29. Qe7 c5 30. Reb2 Rd7 31. Qf6 c4 32. g6 Rdg7 33. Nh4 Bd4 34. Rb6 Bxb6 35.
Qxe6+ Kb8 36. Rb2 Ka8 37. Rxb6 Qxa5 38. Ra6+ Qxa6 39. Qxa6+ Kb8 40. Qd6+ Rc7 41. Nxf5 Rc8 42. Ne7 c3 43. Nxc8 Kxc8 44. g7 Rxg7 45. Qf8+ Kc7 46. Qxg7+ Kc6 47. e6 d4 48. Qxd4 c2 49. Qc3+ Kd5 50.
Qxc2 Kxe6 51. Qg6+ Ke5 52. Qxh5+ Kf4 53. g4 Kf3 54.
g5+ Kf4 55. g6 Ke4 56. g7 Kf4 57. g8=Q Ke4 58. Qgd5+ Kf4 59. Qde5# 1-0

[Event "*** Titled Tuesday Blitz"]
[Site "Chess.com"]
[Date "2019.10.01"]
[Round "5"]
[White "Faustregel"]
[Black "przemekpiotrowski"]
[Result "1-0"]
[WhiteElo "2570"]
[BlackElo "2407"]
[TimeControl "180+2"]
[EndTime "14:13:16 PDT"]
[Termination "Faustregel won by resignation"]

1. e4 c5 2. Nf3 Nc6 3. d4 cxd4 4. Nxd4 Nf6 5. Nc3 d6 6. Bg5 e6 7. Nb3 Be7 8. Qe2 h6 9. Bh4 a5 10. O-O-O a4 11. Nd4 a3 12. b3 Bd7 13. Ndb5 Nb4 14.
Qc4 d5 15. exd5 Nfxd5 16. Nxd5 Nxd5 17. Bxe7 Qxe7 18. Nc7+ Nxc7 19. Qxc7 Bc6 20. Qxe7+ Kxe7 21. f3 b5 22. c3 Rhd8 23. Be2 Rxd1+ 24. Rxd1 Rd8 25.
Rxd8 Kxd8 26. Kd2 Kc7 27. c4 b4 28. Ke3 e5 29. g3 Kd6 30. Bd3 g6 31. h4 h5 32. g4 Ke6 33. Be4 Bd7 34. Bd5+ Ke7 35. g5 f5 36. gxf6+ Kxf6 37. c5 Be6 38. Bxe6 Kxe6 39. Ke4 Kf6 40. c6 Ke6 41. c7 Kd7 42. Kxe5 Kxc7 43. Kf6 Kd6 44. Kxg6 Ke5 45. Kg5 Kd4 46.
f4 Kc3 47. f5 Kb2 48. f6 Kxa2 49. f7 Kxb3 50. f8=Q a2 51. Qf3+ Kb2 52. Qe2+ Ka3 53. Qa6+ Kb2 54. Qf6+ Kb1 55. Qf1+ Kb2 56. Qe2+ Ka3 57.
Qd3+ b3 58. Qc3 1-0

[Event "*** Titled Tuesday Blitz"]
[Site "Chess.com"]
[Date "2019.10.01"]
[Round "5"]
[White "JussupowFan"]
[Black "SloLev"]
[Result "0-1"]
[WhiteElo "2202"]
[BlackElo "2476"]
[TimeControl "180+2"]
[EndTime "14:13:16 PDT"]
[Termination "SloLev won by resignation"]

1. e4 e5 2. Nf3 Nc6 3. Bb5 Nge7 4. c3 a6 5. Ba4 g6 6. d4 exd4 7. cxd4 b5 8. Bb3 Bg7 9. d5 Na5 10. O-O O-O 11. Nc3 d6 12. Bg5 h6 13. Be3 Nxb3 14. axb3 f5 15. Bd4 fxe4 16. Bxg7 Kxg7 17. Qd4+ Kh7 18.
Nxe4 Nf5 19. Qc3 Bb7 20. Rad1 Qe7 21. Rfe1 Qg7 22. Rc1 Qxc3 23. Rxc3 Rac8 24. Rec1 Rf7 25. Neg5+ hxg5 26. Nxg5+ Kg7 27. Nxf7 Bxd5 28. Ng5 c6 29. Re1 Kf6 30. Ne4+ Bxe4 31. Rxe4 d5 32. Re1 c5 33. g4 Nd4 34. Kg2 Ne6 35. Kg3 d4 36. Rf3+ Ke7 37. h4 Rd8 38. g5 d3 39. Rf6 Rd6 40. Rxg6 d2 41. Rgxe6+ Rxe6 42. Rd1 Rd6 43. Kg4 Rd4+ 44. f4 a5 45. h5 c4 46. bxc4 bxc4 47. h6 Kf7 48.
Kf5 a4 49. g6+ Kg8 50. h7+ Kh8 51. Kf6 Rd6+ 52. Kg5 a3 53. bxa3 c3 54. Rb1 d1=Q 55. Rxd1 Rxd1 56. f5 c2 57. Kf6 c1=Q 0-1

[Event "*** Titled Tuesday Blitz"]
[Site "Chess.com"]
[Date "2019.10.01"]
[Round "5"]
[White "731291"]
[Black "Dr-Bassem"]
[Result "1-0"]
[WhiteElo "2650"]
[BlackElo "2794"]
[TimeControl "180+2"]
[EndTime "14:13:18 PDT"]
[Termination "731291 won by resignation"]

1. d4 e6 2. e4 d5 3. Nc3 Nf6 4. e5 Nfd7 5. f4 c5 6. Nf3 Nc6 7. Be3 Be7 8. Qd2 O-O 9. Be2 a6 10. O-O b5 11. a3 b4 12. axb4 cxb4 13. Na4 a5 14. c4 bxc3 15. bxc3 Ba6 16. Bxa6 Rxa6 17.
f5 exf5 18. Qd3 Qc8 19. Qxf5 Nb6 20. Qd3 Nc4 21. Bg5 h6 22. Bxe7 Nxe7 23. Nc5 Rb6 24. Rfb1 Rxb1+ 25. Rxb1 Nc6 26. Na4 Qc7 27. Nd2 Nxd2 28.
Qxd2 Rb8 29. Rf1 Nd8 30. Nc5 Ne6 31. Na6 Qb6 32. Nxb8 Qxb8 33. Qa2 Qc7 34. Rf3 Ng5 35. Re3 Ne4 36. Qxd5 Nxc3 37. Qc5 Qxc5 38. dxc5 Nd5 39. Ra3 Kf8 40. Rxa5 Ke7 41. Ra6 Nb4 42. Rd6 f6 43. exf6+ gxf6 44. Kf2 Na2 45. Rd3 Nb4 46. Rh3 Ke6 47.
Rxh6 Nd3+ 48. Ke3 Nxc5 49. Rh5 Nd7 50. Rb5 Ne5 51. h4 Kf5 52. g3 Kg4 53. Kf2 Nd3+ 54. Kg2 f5 55. Rb3 Nc5 56. Rb4+ Ne4 57. Rxe4+ fxe4 58. Kf2 Kf5 59. Ke3 1-0

[Event "*** Titled Tuesday Blitz"]
[Site "Chess.com"]
[Date "2019.10.01"]
[Round "5"]
[White "monalize"]
[Black "Dhaydon19"]
[Result "1/2-1/2"]
[WhiteElo "2414"]
[BlackElo "2676"]
[TimeControl "180+2"]
[EndTime "14:13:18 PDT"]
[Termination "Game drawn by repetition"]

1. e4 e6 2. d4 d5 3. exd5 exd5 4. Bd3 Nf6 5. Qf3 Be7 6. h3 O-O 7. Ne2 c5 8. dxc5 Qa5+ 9. Nbc3 Nc6 10. O-O Ne5 11.
Qg3 Nxd3 12. Qxd3 Qxc5 13. Be3 Qc4 14. Rad1 Be6 15. Nd4 Qxd3 16. Rxd3 Bd7 17. Re1 Rfe8 18. Red1 h6 19. Ndb5 Bf5 20. R3d2 Bd8 21. Nd6 Rxe3 22. fxe3 Be6 23. Nxb7 Bb6 24. Kf2 Rb8 25. Nd6 a6 26. g4 g6 27. Kf3 Bc7 28. Nxd5 Nxd5 29. Rxd5 Bxd5+ 30. Rxd5 Rxb2 31. Ne4 Rxa2 32. Rc5 Ba5 33. Rc6 Be1 34. Rc7 Bb4 35. c4 a5 36. c5 Rc2 37.
Ra7 f5 38. gxf5 gxf5 39. Nf6+ Kf8 40. Kf4 Bxc5 41. Rxa5 Kf7 42. Kxf5 Rf2+ 43. Ke4 Kxf6 44. Rxc5 Rh2 45. Rh5 Kg6 46. Rh4 Kg5 47. Rg4+ Kf6 48. Rg3 h5 49. Kf4 Rf2+ 50. Rf3 Ra2 51. Kg3+ Kg5 52. h4+ Kg6 53. e4 Re2 54. Kf4 Rh2 55. Kg3 Re2 56. Kf4 Rh2 57. Kg3 Re2 1/2-1/2

[Event "*** Titled Tuesday Blitz"]
[Site "Chess.com"]
[Date "2019.10.01"]
[Round "5"]
[White "dmosesov"]
[Black "ural58"]
[Result "1/2-1/2"]
[WhiteElo "2551"]
[BlackElo "2401"]
[TimeControl "180+2"]
[EndTime "14:13:20 PDT"]
[Termination "Game drawn by repetition"]

1. d4 d5 2. c4 e5 3. dxe5 d4 4. Nf3 Nc6 5. g3 Nge7 6. Bg2 Ng6 7. O-O Ngxe5 8. Nbd2 Be7 9. b3 O-O 10. Bb2 f6 11. a3 a5 12. h3 Be6 13. Nxe5 fxe5 14. Ne4 Qd7 15. Kh2 h6 16. Qd3 Bf5 17. e3 Rad8 18.
Rad1 dxe3 19. Qxe3 Qxd1 20. Rxd1 Rxd1 21. Nc3 Rd3 22.
Qe1 Kh8 23. Nd5 Bd6 24. Bc3 b6 25. Bf1 Rxc3 26. Nxc3 Bxa3 27. Bg2 Bd7 28. Ne4 Bb4 29. Qd1 Be8 30. c5 bxc5 31. Kg1 Nd4 32. Qg4 Be1 33.
Qc8 Nxb3 34. Qxc7 Bg6 35. Kf1 Bxe4 36. Bxe4 Bxf2 37. Qe7 Nd2+ 38. Ke2 Rb8 39. Kxd2 Bxg3 40. Qxc5 Bf4+ 41. Kc2 a4 42. Qa7 Rc8+ 43. Kd3 Rd8+ 44. Ke2 a3 45. Qxa3 Bg5 46. Qc5 Bf6 47. Qc7 Rf8 48.
Qd7 Rd8 49. Qf5 Kg8 50. Qh7+ Kf8 51. Qh8+ Ke7 52. Qh7 Kf8 53. Qf5 Kg8 54. Bd5+ Kh8 55. Be4 Kg8 1/2-1/2

[Event "*** Titled Tuesday Blitz"]
[Site "Chess.com"]
[Date "2019.10.01"]
[Round "5"]
[White "Bucefal_M"]
[Black "dlp300"]
[Result "1-0"]
[WhiteElo "2301"]
[BlackElo "2501"]
[TimeControl "180+2"]
[EndTime "14:13:20 PDT"]
[Termination "Bucefal_M won by resignation"]

1. d4 Nf6 2. c4 g6 3. Nf3 Bg7 4. g3 O-O 5. Bg2 d6 6. O-O Nc6 7. Nc3 a6 8. Qd3 Nb4 9. Qd2 Rb8 10. d5 a5 11. Nd4 e5 12. dxe6 fxe6 13. a3 Na6 14. Rb1 c6 15. b4 e5 16. Nc2 axb4 17.
axb4 Qc7 18. Rd1 Rd8 19. Ne3 Be6 20. Qc2 Qc8 21. Ba3 Nc7 22. b5 c5 23. Bb2 Bh6 24.
Ned5 Ncxd5 25. Nxd5 Bxd5 26. Bxd5+ Kg7 27. Bg2 Qe6 28.
e3 Kh8 29. Rd2 Bf8 30. Rbd1 Rdc8 31. h3 Be7 32. Kh2 Rf8 33. f4 Nd7 34. Bd5 Qf6 35. Bc3 Qg7 36. Qb2 Bf6 37. Bg2 Be7 38. Rxd6 Bxd6 39. Rxd6 Rbe8 40. Bxb7 Qe7 41. Qd2 Nf6 42.
Bg2 exf4 43. exf4 Kg7 44. b6 Rf7 45. b7 Rb8 46. Be5 Rxb7 47. Bxb7 Qxb7 48. g4 h6 49. g5 hxg5 50. fxg5 Qe4 51. Bxf6+ Kh7 52. Rd7 Qe6 53.
Rxf7+ Qxf7 54. Qe2 Qc7+ 55. Qe5 1-0

[Event "*** Titled Tuesday Blitz"]
[Site "Chess.com"]
[Date "2019.10.01"]
[Round "5"]
[White "Olga_Zhuravleva"]
[Black "PotapovaM"]
[Result "0-1"]
[WhiteElo "2192"]
[BlackElo "2426"]
[TimeControl "180+2"]
[EndTime "14:13:26 PDT"]
[Termination "PotapovaM won by resignation"]

1. e4 g6 2. d4 Bg7 3. c3 c6 4. Bd3 d5 5. Nf3 Nh6 6. O-O O-O 7. h3 f6 8. exd5 cxd5 9. Re1 Nc6 10. Nbd2 Nf7 11. Nf1 e5 12. dxe5 fxe5 13. Bc2 e4 14. Nd4 Nxd4 15. cxd4 Nd6 16. Be3 Be6 17. Bb3 a5 18. a3 Qe7 19. Qd2 b5 20. Bg5 Qf7 21.
Be3 Rfc8 22. Rac1 Nc4 23. Qe2 a4 24. Ba2 Bf8 25. Ng3 Bd6 26. Rf1 Qd7 27. Bxc4 bxc4 28. Qd2 Rab8 29. Ne2 Rb3 30. Nc3 Rcb8 31. Rc2 Bc7 32. Bf4 Bxf4 33. Qxf4 Rxb2 34. Rxb2 Rxb2 35. Qe5 Rb6 36. f3 exf3 37. Rxf3 Bf7 38. Qf4 Rb7 39. Qf6 Qe7 40. Qxe7 Rxe7 41. Nxa4 Re4 42. Nc5 Rxd4 43. a4 Rd1+ 44. Kf2 Ra1 45. Ke3 Rd1 46.
Ke2 Ra1 47. Ke3 Ra2 48. Kd4 Rxg2 49. a5 Rd2+ 50. Ke5 d4 51. Ra3 d3 52. a6 Re2+ 53.
Kf6 d2 54. a7 Rf2+ 55. Kg5 d1=Q 56. a8=Q+ Kg7 57. Qe4 Qg1+ 58. Qg4 Rg2 59. Rg3 Rxg3 0-1

[Event "*** Titled Tuesday Blitz"]
[Site "Chess.com"]
[Date "2019.10.01"]
[Round "5"]
[White "HouseOfDurin"]
[Black "Vojtap"]
[Result "1-0"]
[WhiteElo "2107"]
[BlackElo "2166"]
[TimeControl "180+2"]
[EndTime "14:13:29 PDT"]
[Termination "HouseOfDurin won by resignation"]

1. d4 Nf6 2. Bg5 Ne4 3. h4 c5 4. dxc5 Qa5+ 5. Nd2 Nxg5 6. hxg5 Qxc5 7. Ngf3 Nc6 8. c3 d5 9. e4 dxe4 10. Nxe4 Qf5 11. Bd3 Qf4 12. Qe2 Bg4 13. Rh4 Bxf3 14. Rxf4 Bxe2 15. Kxe2 e5 16. Rh4 Be7 17. Rah1 h6 18.
R4h3 O-O-O 19. gxh6 gxh6 20. Rxh6 Rhg8 21. g3 f5 22. Nf6 e4 23. Bb5 Rg7 24. Bxc6 bxc6 25. Nh5 Rgg8 26. Rxc6+ Kb7 27. Re6 Bg5 28. Nf4 Rd7 29.
Rd1 Rxd1 30. Kxd1 Bxf4 31. gxf4 Rg4 32. Ke2 Rxf4 33. Rf6 Rf3 34. c4 a5 35. b3 a4 36.
bxa4 Ra3 37. Rxf5 Rxa4 38. Ke3 Rxc4 39. Rf4 Ra4 40. Rxe4 Rxa2 41. Rc4 Ra6 42. Ke4 Rf6 43. f4 Kb6 44. Ke5 Rf8 45. f5 Kb5 46. Rc1 Re8+ 47.
Kd6 Rf8 48. Ke6 Re8+ 49. Kf7 Re2 50. f6 Rf2 51. Ke7 Re2+ 52. Kf8 Rf2 53. f7 Kb6 54. Re1 Kc7 55. Ke8 Rf3 56. f8=Q 1-0

[Event "*** Titled Tuesday Blitz"]
[Site "Chess.com"]
[Date "2019.10.01"]
[Round "5"]
[White "Bathory44"]
[Black "kuli4ik"]
[Result "1/2-1/2"]
[WhiteElo "2622"]
[BlackElo "2779"]
[TimeControl "180+2"]
[EndTime "14:13:32 PDT"]
[Termination "Game drawn by repetition"]

1. e4 e6 2. d4 d5 3. Nd2 dxe4 4. Nxe4 Bd7 5. Nf3 Bc6 6. Bd3 Nd7 7. O-O Bxe4 8. Bxe4 c6 9. c3 Ngf6 10. Bc2 g6 11. b3 Bg7 12. Ba3 Bf8 13. Bb2 Bg7 14.
c4 O-O 15. Qe2 Qc7 16. Rad1 Rad8 17. Bb1 Rfe8 18. h4 a6 19. g3 c5 20. dxc5 Nxc5 21.
Be5 Qe7 22. b4 Na4 23. a3 Nd7 24. Bxg7 Kxg7 25. c5 Nc3 26. Qb2 Qf6 27. Rd3 Nd5 28.
Qd2 a5 29. Ba2 axb4 30. axb4 Nb8 31. Bxd5 exd5 32. h5 Nc6 33. h6+ Kg8 34. b5 Ne5 35. Nxe5 Rxe5 36. Re1 Rxe1+ 37. Qxe1 Kf8 38. Qe2 Qe6 39.
Re3 Qf6 40. Rf3 Qa1+ 41. Kg2 Re8 42. Re3 Rxe3 43. Qxe3 Qf6 44. c6 bxc6 45. Qc5+ Qe7 46.
Qxc6 Qe4+ 47. Kh2 Qf3 48. Qc5+ Ke8 49. b6 d4 50. Qxd4 Qc6 51. Qh8+ Ke7 52. Qxh7 Qxb6 53. Kg1 Qb1+ 54. Kh2 Qf5 55. f4 Qh5+ 56. Kg2 Qe2+ 57. Kg1 Qe1+ 58. Kg2 Qe2+ 59. Kg1 Qe1+ 60. Kg2 Qe2+ 1/2-1/2

[Event "*** Titled Tuesday Blitz"]
[Site "Chess.com"]
[Date "2019.10.01"]
[Round "5"]
[White "IMTominho"]
[Black "ChessQueen"]
[Result "0-1"]
[WhiteElo "2760"]
[BlackElo "2618"]
[TimeControl "180+2"]
[EndTime "14:13:33 PDT"]
[Termination "ChessQueen won by resignation"]

1. d4 Nf6 2. c4 e6 3. Nf3 d5 4. Bg5 dxc4 5. Nc3 Bb4 6. a3 Bxc3+ 7. bxc3 c6 8. e4 Qa5 9. e5 Ne4 10. Bd2 Nxd2 11. Qxd2 c5 12. Bxc4 cxd4 13. cxd4 Qxd2+ 14.
Kxd2 Ke7 15. Ke3 Bd7 16. d5 exd5 17. Bxd5 Bc6 18. Rhd1 Rd8 19. Bb3 Nd7 20. Kf4 Bxf3 21. gxf3 Nc5 22. Bc4 b6 23. Ke3 Na4 24. Bb3 Nc5 25.
Bd5 Rac8 26. Rac1 Na4 27. Bb3 Rxc1 28. Rxc1 Nc5 29. Bc4 Nd7 30. f4 Rc8 31. Rc2 Rc5 32. Kd4 Nb8 33. Bd3 Nc6+ 34. Ke4 Rxc2 35. Bxc2 Nd8 36. f5 f6 37. f4 Nb7 38. Kd5 Nc5 39. h4 Kd7 40. h5 h6 41. Bd1 Nd3 42. Ba4+ Ke7 43. e6 Nxf4+ 44. Ke4 Nxh5 45. Kf3 g6 46.
Kg4 Ng7 47. fxg6 f5+ 48. Kf4 Kxe6 49. Bb3+ Kf6 50. Bf7 h5 51. Kg3 Kg5 52. Kf3 h4 53. Kg2 Nh5 54. Kf3 Ng7 55. a4 a6 56. Bc4 b5 57. Bxb5 axb5 58. a5 b4 59. Ke2 h3 0-1

[Event "*** Titled Tuesday Blitz"]
[Site "Chess.com"]
[Date "2019.10.01"]
[Round "5"]
[White "Alopekos"]
[Black "Sajkochess"]
[Result "1-0"]
[WhiteElo "2516"]
[BlackElo "2271"]
[TimeControl "180+2"]
[EndTime "14:13:34 PDT"]
[Termination "Alopekos won by resignation"]

1. e4 c5 2. Nc3 Nc6 3. Nge2 e6 4. d4 cxd4 5. Nxd4 Qc7 6. Be3 a6 7. Be2 Nf6 8. O-O Bb4 9. Na4 O-O 10. Nxc6 bxc6 11.
Nb6 Rb8 12. Nxc8 Rfxc8 13. Bxa6 Rf8 14. Bd3 Bd6 15. Kh1 Be5 16. a4 Bxb2 17. Ra2 Bc3 18. f4 Qa5 19. Qf3 e5 20. fxe5 Bxe5 21. Qf5 Qc7 22. a5 g6 23. Qg5 h5 24. Rxf6 Bxf6 25. Qxf6 Rb1+ 26. Bf1 c5 27. Ra1 Rxa1 28. Qxa1 Re8 29. Bh6 Qe5 30. Qxe5 Rxe5 31. a6 Rxe4 32. Kg1 Ra4 33. Be3 d6 34. Kf2 Kf8 35. Bb5 Ra5 36. c4 Ke7 37. Kf3 Ra3 38. g3 Ke6 39. h4 f6 40. Ke4 f5+ 41. Kf4 Ra2 42. Kg5 Kf7 43. Bf4 d5 44. cxd5 Ra5 45. Bc4 Ra4 46. Bb5 Ra5 47. Bc4 Ra4 48. Bb3 Rxa6 49. d6+ Ke8 50.
Kxg6 c4 51. Bxc4 Ra4 52. Bf7+ Kd7 53. Kxf5 Ra5+ 54. Be5 Ra3 55. Be6+ Ke8 56. d7+ Ke7 57.
Bf6+ 1-0

[Event "*** Titled Tuesday Blitz"]
[Site "Chess.com"]
[Date "2019.10.01"]
[Round "5"]
[White "harvsp123"]
[Black "wonderfultime"]
[Result "1/2-1/2"]
[WhiteElo "2490"]
[BlackElo "2933"]
[TimeControl "180+2"]
[EndTime "14:13:35 PDT"]
[Termination "Game drawn by repetition"]

1. d4 d5 2. c4 c6 3. cxd5 cxd5 4. Bf4 Nf6 5. Nc3 Nc6 6. e3 Bf5 7.
Qb3 Na5 8. Qa4+ Bd7 9. Qc2 Rc8 10.
Bd3 e6 11. Nf3 Nc6 12. Qd1 Nh5 13. Be5 f6 14. Bg3 f5 15. Be5 Nf6 16. h3 Nxe5 17.
Nxe5 Bd6 18. O-O O-O 19. Rc1 a6 20. Qb3 Rc7 21. Ne2 Qb8 22. Rxc7 Bxc7 23. f4 Rc8 24. Rc1 Ba5 25. Rc2 Be8 26. g4 g6 27. Kg2 Rc7 28. g5 Nd7 29. Nxd7 Bxd7 30. Ng1 b5 31. Nf3 Rc4 32. Ne5 Qc7 33. Nxd7 Rxc2+ 34. Qxc2 Qxd7 35. a3 Kg7 36. b4 Bb6 37. Qc3 h6 38. h4 hxg5 39.
hxg5 Kf7 40. Qc1 Ke7 41. Qh1 Kd6 42. Qh8 Qc7 43. Qf8+ Kd7 44. Qf7+ Kd6 45. Qf8+ Kd7 46. Qf7+ Kd6 47. Qxg6 Qc3 48. Bxf5 Qd2+ 49. Kf3 Qd1+ 50. Kg3 Qe1+ 51. Kf3 Qf1+ 52. Kg3 Qg1+ 53. Kh4 Qf2+ 54. Kg4 Qg2+ 55. Kh4 Qf2+ 56. Kg4 Qg2+ 57. Kh4 Qf2+ 1/2-1/2

[Event "*** Titled Tuesday Blitz"]
[Site "Chess.com"]
[Date "2019.10.01"]
[Round "5"]
[White "riconaipe"]
[Black "Aariow"]
[Result "1-0"]
[WhiteElo "2618"]
[BlackElo "2430"]
[TimeControl "180+2"]
[EndTime "14:13:35 PDT"]
[Termination "riconaipe won by resignation"]

1. d4 d5 2. c4 c6 3. Nf3 Nf6 4.
Nc3 dxc4 5. a4 Bf5 6. e3 e6 7.
Bxc4 Bb4 8. O-O Nbd7 9. Qe2 Bg6 10. Rd1 Qa5 11. Bd2 O-O 12. e4 Bh5 13. e5 Nd5 14. Ne4 Bxd2 15. Rxd2 Nf4 16. Qe3 Nd5 17.
Qe2 Nf4 18. Qe3 Nd5 19. Bxd5 cxd5 20. Nd6 Bxf3 21. gxf3 Qb4 22. Qc3 Qxc3 23. bxc3 b6 24. a5 f6 25. f4 fxe5 26. fxe5 Rf3 27. c4 dxc4 28. Nxc4 bxa5 29. Rxa5 Rc3 30. Nd6 Nb6 31. Rda2 Rc7 32. Ra6 Nd5 33. Ra1 h5 34. Ne4 Rc4 35.
R1a4 Rxa4 36. Rxa4 a5 37. Nc5 Kf7 38. Kg2 g5 39. Ra3 Ke7 40. h4 g4 41. f3 gxf3+ 42. Kxf3 Rf8+ 43. Ke2 a4 44. Rg3 Rf7 45. Nxa4 Rf4 46.
Nc5 Rxh4 47. Rg7+ Ke8 48. Nxe6 Ne7 49. Kd3 Nf5 50. Rh7 Rh3+ 51. Ke4 Ng3+ 52. Kd5 Nf5 53. Ng7+ Nxg7 54. Rxg7 Kf8 55. Rg1 Ra3 56. Ke6 h4 57. d5 h3 58. Rh1 Rg3 59. d6 Rg6+ 60. Kd5 Rh6 61. Rh2 Ke8 62. e6 Kd8 63. Ra2 Kc8 64.
d7+ Kc7 65. Rc2+ 1-0

[Event "*** Titled Tuesday Blitz"]
[Site "Chess.com"]
[Date "2019.10.01"]
[Round "5"]
[White "Hrant_ChessMood"]
[Black "Micki-taryan"]
[Result "0-1"]
[WhiteElo "2869"]
[BlackElo "2969"]
[TimeControl "180+2"]
[EndTime "14:13:39 PDT"]
[Termination "Micki-taryan won by resignation"]

1. d4 Nf6 2. c4 e6 3. Nf3 b6 4. g3 Bb7 5. Bg2 Be7 6. O-O O-O 7. Nc3 Ne4 8. Bd2 Bf6 9. Re1 Nxd2 10. Qxd2 d6 11.
e4 Nd7 12. Rad1 e5 13. Nd5 Re8 14. b4 a5 15. a3 axb4 16. axb4 h6 17. Bh3 Bxd5 18.
cxd5 Ra3 19. Bxd7 Qxd7 20. dxe5 dxe5 21. Kg2 Rea8 22. Re3 Ra2 23. Qc3 Kh7 24. Rd2 h5 25. Rxa2 Rxa2 26. h4 Qd6 27. Qc4 Ra4 28. Rb3 g6 29.
Qb5 Ra2 30. Rc3 Rb2 31. Qc4 Bd8 32. Rb3 b5 33. Qd3 Rxb3 34. Qxb3 Be7 35. Qc3 f6 36. Nd2 Kg8 37. Nf3 Kf8 38. Kg1 Ke8 39. Kg2 Kd8 40.
Qa3 Ke8 41. Qa8+ Kf7 42. Qc8 Qxb4 43. Qxc7 Qc5 44. Qb7 b4 45. Nd2 Qd4 46. Nf3 Qxe4 47. Qc6 Qf5 48. Qb6 Qd7 49. Qa5 b3 50. Qb6 Qxd5 51. Qb8 g5 52. hxg5 fxg5 53. Qxe5 Qxe5 54. Nxe5+ Ke6 55. Nd3 Kd5 56. f4 Kd4 57. Nb2 Ba3 58. Na4 gxf4 59. gxf4 Kc4 60. f5 Kb4 61. Nb6 b2 62. Nd5+ Kb3 0-1